 Dungeon Crawl Stone Soup version 0.32-a0-19-g28bc0835a1 (webtiles) character file.

Game seed: 6913362552578488695

1082 somerandomcrawler the Carver (level 8, -3/59 HPs)
             Began as a Demonspawn Gladiator on Jan 17, 2024.
             Killed from afar by Maggie (19 damage)
             ... with a bolt of fire
             ... on level 6 of the Dungeon.
             The game lasted 00:32:05 (4398 turns).

somerandomcrawler the Carver (Demonspawn Gladiator) Turns: 4398, Time: 00:32:05

Health: -3/59      AC: 20    Str: 16    XL:     8   Next: 8%
Magic:  8/8        EV:  8    Int: 10    God:
Gold:   143        SH:  0    Dex: 14    Spells: 5/7 levels left

rFire   . . .        a - +0 long sword
rCold   . . .        (no shield)
rNeg    . . .        v - +0 chain mail
rPois   .            c - +0 helmet
rElec   .            (no cloak)
rCorr   .            (no gloves)
SInv    .            w - +1 pair of boots
Will    .....        (no amulet) Stlth
                     g - +4 ring of protection
HPRegen 0.29/turn    f - +4 ring of protection
MPRegen 0.11/turn

%: no passive effects
@: mighty, mesmerised, hasted, very quick
A: demonic guardian 1, powered by pain 2, weakness stinger 1, demonic touch 1
a: no special abilities


You were on level 6 of the Dungeon.
You visited 1 branch of the dungeon, and saw 7 of its levels.

You collected 143 gold pieces.

Inventory:

Hand Weapons
 a - a +0 long sword (weapon)
Missiles
 e - a javelin
Armour
 b - a +0 leather armour
 c - a +0 helmet (worn)
 o - a +0 ring mail
 u - a +0 scale mail
 v - a +0 chain mail (worn)
 w - a +1 pair of boots (worn)
Jewellery
 f - a +4 ring of protection (right hand)
 g - a +4 ring of protection (left hand)
 k - a ring of poison resistance
Wands
 s - a wand of acid (3)
Scrolls
 h - a scroll of identify
 i - 2 scrolls of revelation
 t - 2 scrolls of fog
Potions
 j - 2 potions of enlightenment
 m - 2 potions of curing
 q - a potion of haste


   Skills:
 - Level 3.6 Fighting
 * Level 8.1 Long Blades
 - Level 1.8 Throwing
 + Level 2.2 Armour
 - Level 3.0 Dodging


You had 5 spell levels left.
You knew the following spells:

 Your Spells              Type           Power      Damage    Failure   Level
a - Apportation           Tloc           0%         N/A       99%         1
b - Summon Small Mammal   Summ           0%         N/A       99%         1

Your spell library contained the following spells:

 Spells                   Type           Power      Damage    Failure   Level
 Jinxbite                 Hex            0%         N/A       100%        2
 Mercury Vapours          Alch/Air       0%         N/A       100%        2
 Call Canine Familiar     Summ           0%         N/A       100%        3
 Mephitic Cloud           Conj/Alch/Air  0%         N/A       100%        3
 Stone Arrow              Conj/Erth      0%         3d7       100%        3
 Animate Armour           Summ/Erth      0%         N/A       100%        4
 Summon Blazeheart Golem  Fire/Summ      0%         N/A       100%        4
 Alistair's Intoxication  Alch           0%         N/A       100%        5
 Freezing Cloud           Conj/Ice/Air   0%         6-21      100%        5
 Haunt                    Necr/Summ      0%         N/A       100%        7
 Borgnjor's Revivificati  Necr           0%         N/A       100%        8
 Lehudib's Crystal Spear  Conj/Erth      0%         10d2      100%        8
 Death's Door             Necr           0%         N/A       100%        9


Dungeon Overview and Level Annotations

Branches:
Dungeon (7/15)
 Temple: D:4-7

Altars:
Hepliaklqana
Okawaru
Vehumet
Xom

Annotations:
D:3 Sigmund
D:4 exclusion: downstairs
D:6 Maggie


Innate Abilities, Weirdness & Mutations

A weak demonic guardian rushes to your aid.
You sometimes gain power by taking damage.
You have a small tail.
Your touch may inflict minor irresistible damage on your foes.


Message History

Maggie struggles against the net.
The orc hits you but does no damage.
You slash the orc!
You kill the orc!
Maggie struggles against the net.
An orc comes into view. It is wielding a +0 short sword.
The orc shouts!
Maggie casts a spell.
Maggie attempts to bespell you!
You are mesmerised by Maggie!
Maggie struggles against the net.
Things that are here:
a +0 flail; a +0 leather armour You barely miss the orc.
The orc hits you but does no damage.
You hit the orc.
The orc is heavily wounded.
Maggie struggles against the net.
The orc hits you but does no damage.
You hit the orc.
You kill the orc!
Maggie struggles against the net.
The net rips apart, and Maggie comes free!
You cannot move away from Maggie!
Okay, then.
You feel yourself speed up.
Maggie hits you with a +2 war axe of flaming!
Maggie burns you.
You feel very mighty all of a sudden.
Maggie hits you with a +2 war axe of flaming!
Maggie burns you.
You hit Maggie.
Maggie is lightly wounded.
Maggie casts a spell at you. The bolt of fire hits you!
* * * LOW HITPOINT WARNING * * *
You slash Maggie! Your touch misses Maggie.
Maggie is lightly wounded.
You slash Maggie!
Maggie is moderately wounded.
Maggie points at you and mumbles some strange words.
The bolt of fire hits you!!
You die...

#.....+..#######
..... #.......#
... #.......#
#'# #.......#
#.####.......#
#.#..........#
#.#.####'#+##...
#.#)#@.#.# #
#.#.@..#.#
#.######.#
#.#......#
#######.#.######
#<...##.#.####
#.##.##.#....#
#....)).#>...#
####....'..(.#
######....#


You could see Maggie (mesmerising).

Vanquished Creatures
  Menkaure (D:5)
  A sky beast (D:6)
  A phantom (D:5)
  A bombardier beetle (D:4)
  A jelly (D:4)
  A hound (D:4)
  6 orc priests
  2 sleepcaps (D:4)
  4 iguanas
  3 orc wizards
  A gnoll (D:3)
  7 adders
  4 dart slugs
  23 orcs
  8 ball pythons
  6 endoplasms
  5 giant cockroaches
  6 hobgoblins
  6 jackals (D:1)
  4 kobolds
  2 quokkas
  4 bats
  A frilled lizard (D:1)
  3 goblins
  5 rats
106 creatures vanquished.

Vanquished Creatures (collateral kills)
  A scorpion (D:3)
  A jelly (D:5)
  An adder (D:2)
3 creatures vanquished.

Grand Total: 109 creatures vanquished

Notes
Turn   | Place    | Note
-------+----------+-------------------------------------------
     0 | D:1      | somerandomcrawler the Demonspawn Gladiator began the quest
                  | for the Orb.
     0 | D:1      | Reached XP level 1. HP: 16/16 MP: 1/1
   122 | D:1      | Gained mutation: You sometimes gain a little power by
                  | taking damage. [demonic ancestry]
   122 | D:1      | Reached XP level 2. HP: 21/22 MP: 2/2
   127 | D:1      | Reached skill level 3 in Long Blades
   329 | D:1      | Found a faded altar of an unknown god.
   474 | D:1      | Reached XP level 3. HP: 28/28 MP: 3/3
  1232 | D:2      | Gained mutation: A weak demonic guardian rushes to your
                  | aid. [demonic ancestry]
  1232 | D:2      | Reached XP level 4. HP: 27/35 MP: 4/4
  1765 | D:3      | Found a radiant altar of Vehumet.
  1789 | D:3      | Reached skill level 4 in Long Blades
  1905 | D:3      | Noticed a scorpion
  1928 | D:3      | Killed a scorpion
  1929 | D:3      | Gained mutation: You sometimes gain power by taking damage.
                  | [demonic ancestry]
  1929 | D:3      | Reached XP level 5. HP: 11/41 MP: 5/5
  2237 | D:3      | Found a shimmering altar of Xom.
  2280 | D:3      | Reached skill level 5 in Long Blades
  2395 | D:3      | Noticed Sigmund
  2584 | D:4      | Reached XP level 6. HP: 22/47 MP: 6/6
  3196 | D:4      | Learned a level 1 spell: Apportation
  3198 | D:4      | Learned a level 1 spell: Summon Small Mammal
  3213 | D:4      | Reached skill level 6 in Long Blades
  3359 | D:4      | Discovered your monstrous ancestry.
  3359 | D:4      | Gained mutation: Your touch may inflict minor irresistible
                  | damage on your foes. [demonic ancestry]
  3359 | D:4      | Reached XP level 7. HP: 48/52 MP: 7/7
  3434 | D:4      | Reached skill level 7 in Long Blades
  3588 | D:4      | Found an iron altar of Okawaru.
  3805 | D:5      | Entered Level 5 of the Dungeon
  3902 | D:5      | Noticed Menkaure
  3911 | D:5      | Killed Menkaure
  3912 | D:5      | Reached skill level 1 in Armour
  4042 | D:5      | Found a hazy altar of Hepliaklqana.
  4342 | D:6      | Reached skill level 8 in Long Blades
  4342 | D:6      | Gained mutation: You have a small tail. [demonic ancestry]
  4342 | D:6      | Reached XP level 8. HP: 49/59 MP: 8/8
  4379 | D:6      | Noticed Maggie
  4398 | D:6      | Killed from afar by Maggie

Illustrated notes

Levels and vault maps discovered:
D:1:      dpeg_arrival_three_bigger_balls, layout_loops_ring,
          shapermc_ecumenical_altar_flowoftime
D:2:      layout_basic, grunt_decor_arrowhead
D:3:      layout_loops_cross, mainiacjoe_overflow_cross_hatched,
          mainiacjoe_overflow_surrounded_room, nicolae_twisty_statue_hallways,
          uniq_sigmund
D:4:      layout_cave_pods, lemuel_doored_altar
D:5:      layout_rooms, grunt_gozag_statues, elyvilon_altar_3,
          lemuel_crystal_altar, uniq_menkaure
D:6:      layout_basic, mainiacjoe_overflow_small_starburst, uniq_maggie,
          uniq_pikel
D:7:      layout_gridville, temple_pool_b, uniq_joseph

Skill      XL: |  1  2  3  4  5  6  7 |
---------------+----------------------+-----
Long Blades    | 3 4 5 6 8 |  8.1
Dodging        | 3 |  3.0
Fighting       | 3 |  3.6
Armour         | 2 |  2.2
Throwing       | |  1.8

Action                     |  1- 3 |  4- 6 |  7- 9 || total
---------------------------+-------+-------+-------++-------
  Melee: Long sword        |   160 |   164 |    79 ||   403
         Punch             |     3 |     3 |       ||     6
         Touch             |       |       |     8 ||     8
  Throw: Throwing net      |     6 |     3 |     1 ||    10
  Evoke: Wand              |       |     2 |     4 ||     6
    Use: Scroll            |       |     1 |     9 ||    10
         Potion            |       |       |     2 ||     2
   Stab: Sleeping          |     1 |       |       ||     1
 Armour: Leather armour    |    99 |    44 |       ||   143
         Ring mail         |       |    62 |    12 ||    74
         Chain mail        |       |       |    54 ||    54
  Dodge: Dodged            |   120 |    80 |    33 ||   233

Table legend: (Time is in decaauts)
 A = Elapsed time spent in this place.
 B = Non-inter-level travel time spent in this place.
 C = Inter-level travel time spent in this place.
 D = Time resting spent in this place.
 E = Time spent auto-exploring this place.
 F = Levels seen in this place.
 G = Mean time per level.
                   A        B        C        D        E       F      G
               +--------+--------+--------+--------+--------+-----+--------+
         Total |   4454 |   4376 |     78 |    654 |   2127 |   7 |  636.3 |
       Dungeon |   4454 |   4376 |     78 |    654 |   2127 |   7 |  636.3 |
               +--------+--------+--------+--------+--------+-----+--------+

Top non-repeatable levels by time:
     D:4: 1339 daAuts
     D:1: 913 daAuts
     D:2: 867 daAuts
     D:3: 768 daAuts
     D:5: 293 daAuts
     D:6: 264 daAuts
     D:7: 7 daAuts
